Sound Tigers vs Marlies
Created - March 11, 2022 at 19:11
Goals
|
| Sound Tigers |
1 |
2 |
0 |
3 |
| Marlies |
1 |
6 |
2 |
9 |
|
Shots
|
| Sound Tigers |
7 |
6 |
11 |
24 |
| Marlies |
9 |
16 |
14 |
39 |
|
1st period
1. Marlies , Mathieu Olivier 4 (Haydn Fleury 9) at 7:27
2. Sound Tigers , Joe Labate 7 (James Sheppard 27) at 9:20
Penalties :
Connor Murphy (BRI) for Holding (Minor) at 2:56, Ryan Hartman (BRI) for Interference (Minor) at 9:31, Pavel Francouz (BRI) for Delaying the game (Minor) at 14:34 - Josh Archibald served the penalty
2nd period
3. Marlies , Linden Vey 14 (Nick Ritchie 30, Neal Pionk 27) at 0:10
4. Marlies , Tyler Benson 6 (Mathieu Olivier 6, Brett Pesce 22) at 4:51
5. Sound Tigers , Borna Rendulic 15 (Ryan Hartman 22, Alex Tuch 18) at 15:03 (PP)
6. Sound Tigers , Ryan Hartman 16 (Connor Murphy 29, Dylan McIlrath 20) at 15:19
7. Marlies , Nicholas Baptiste 23 (Brett Pesce 23) at 16:33
8. Marlies , Aleksi Saarela 12 (Brett Pesce 24) at 16:51
9. Marlies , Nick Ritchie 26 (Linden Vey 18, Colton Sissons 13) at 17:07
10. Marlies , Colton Sissons 8 (Linden Vey 19) at 17:28 (PP)
Penalties :
Zack MacEwen (Tor) for Cross-checking (Minor) at 9:34, Brett Pesce (Tor) for Slashing (Minor) at 14:51, Ryan Hartman (BRI) for Interference (Minor) at 17:14
3rd period
11. Marlies , Johan Larsson 3 (JT Compher 16, Dennis Gilbert 1) at 4:08
12. Marlies , Aleksi Saarela 13 (Johan Larsson 8, JT Compher 17) at 12:09
Penalties :
Dylan McIlrath (BRI) for Slashing (Minor) at 6:25, Colton Sissons (Tor) for Tripping (Minor) at 15:48
Goalie Stats
Sean Maguire (BRI), 14 saves from 18 shots - (0.778), 23:09 minutes
Pavel Francouz (BRI), 16 saves from 21 shots - (0.762), L, 20-13-2, 36:51 minutes
Charlie Lindgren (Tor), 21 saves from 24 shots - (0.875), W, 10-6-1, 60:00 minutes
Players Stats for Sound Tigers
Player Name G A P +/- PIM S H SB GA TA FO MP PP MP PK MP
------------------------------------------------------------------------------------
Alex Tuch 0 1 1 -3 0 1 3 1 0 1 2/4 22:00 2:09 4:18
Alexander Yelesin 0 0 0 0 0 0 1 0 0 0 0/0 15:58 0:00 2:25
Ben Thomson 0 0 0 0 0 0 1 0 0 0 0/0 8:01 0:04 1:22
Borna Rendulic 1 0 1 -3 0 2 2 0 0 1 0/0 17:42 2:09 0:00
Connor Murphy 0 1 1 -3 2 5 1 1 0 1 0/0 26:39 2:24 3:54
Dylan McIlrath 0 1 1 -3 2 1 3 4 1 3 0/0 25:58 2:24 3:59
Gabriel Carlsson 0 0 0 0 0 0 1 2 0 0 0/0 14:16 0:00 0:08
Garret Ross 0 0 0 -3 0 2 0 0 1 1 0/0 14:04 0:00 2:30
James Sheppard 0 1 1 0 0 0 1 3 0 0 1/1 18:25 1:57 2:30
Joe Labate 1 0 1 0 0 6 3 0 1 0 4/12 16:41 1:57 0:45
Josh Archibald 0 0 0 -3 0 0 0 0 0 0 0/0 11:53 0:02 0:00
Julian Melchiori 0 0 0 -3 0 1 4 1 0 0 0/0 18:51 1:46 3:06
Pavel Kraskovsky 0 0 0 0 0 0 0 0 0 0 2/3 5:31 0:00 0:00
Rhett Gardner 0 0 0 0 0 0 0 0 0 0 0/0 2:04 0:24 0:00
Ryan Bourque 0 0 0 -3 0 1 1 0 0 0 2/7 14:02 0:00 1:49
Ryan Hartman 1 1 2 -3 4 4 1 0 2 0 11/36 25:03 1:51 3:06
Scott Glennie 0 0 0 0 0 1 1 0 0 0 0/1 15:55 1:57 0:00
Slater Koekkoek 0 0 0 -3 0 0 1 0 0 0 0/0 18:43 1:46 2:48
Players Stats for Marlies
Player Name G A P +/- PIM S H SB GA TA FO MP PP MP PK MP
------------------------------------------------------------------------------------
Aleksi Saarela 2 0 2 3 0 3 2 0 0 0 2/9 18:09 3:33 1:31
Brett Pesce 0 3 3 3 2 1 0 1 0 0 0/0 20:44 3:31 2:00
Colton Sissons 1 1 2 0 2 5 2 0 0 0 28/37 22:09 4:30 1:09
Dennis Gilbert 0 1 1 2 0 1 0 0 0 0 0/0 11:38 0:00 0:12
Haydn Fleury 0 1 1 1 0 0 2 2 1 1 0/0 27:42 4:39 1:35
Jakob Forsbacka-Karlsson 0 0 0 1 0 0 3 0 0 0 1/4 10:42 0:00 0:23
Jeff Corbett 0 0 0 2 0 0 0 0 0 1 0/0 11:33 0:00 0:35
Johan Larsson 1 1 2 3 0 3 2 0 0 0 1/1 18:16 3:33 1:38
JT Compher 0 2 2 3 0 4 1 1 1 0 1/1 16:38 3:33 0:00
Linden Vey 1 2 3 0 0 3 1 1 2 0 6/6 21:00 4:30 0:00
Mathieu Olivier 1 1 2 2 0 3 2 0 0 0 0/0 7:42 0:07 0:00
Neal Pionk 0 1 1 1 0 2 0 1 2 1 0/0 26:18 3:31 1:24
Nicholas Baptiste 1 0 1 1 0 4 2 1 0 1 0/1 12:30 0:07 1:17
Nick Ritchie 1 1 2 0 0 6 2 1 1 0 1/1 23:19 4:30 2:08
Shane Prince 0 0 0 1 0 1 1 0 0 0 0/0 11:16 0:07 0:14
Tim Erixon 0 0 0 3 0 1 1 1 0 1 0/0 22:04 4:39 2:34
Tyler Benson 1 0 1 2 0 2 0 0 0 0 0/0 6:59 0:00 0:00
Zack MacEwen 0 0 0 2 2 0 1 0 0 0 2/4 7:08 0:00 0:00
3 Stars
1 - Aleksi Saarela (Tor)
2 - Johan Larsson (Tor)
3 - Mathieu Olivier (Tor)
Power Play
Sound Tigers - 1 on 3 Attempt(s) - 33.33%
Marlies - 1 on 5 Attempt(s) - 20.00%
Penalty Kill
Sound Tigers - 4 on 5 Attempt(s) - 80.00%
- Score 0 goal in Penalty Kill
Marlies - 2 on 3 Attempt(s) - 66.67%
- Score 0 goal in Penalty Kill
Team Stat
Sound Tigers - Hits : 24 - Faceoff Wins : 22 - Blocked Shots : 12 - Penalty Minutes : 10
Marlies - Hits : 22 - Faceoff Wins : 42 - Blocked Shots : 9 - Penalty Minutes : 6
Official
Referees : Dean Morton and Tom Chmielewski
Linesman : Scott Cherrey and Derek Nansen
Game Notes
Sean Maguire enters game at 16:51 of 2nd period
Finance
Level 1 -- Attendance: 1912 (95.60%) -- Ticket Income $66,920
Level 2 -- Attendance: 968 (96.80%) -- Ticket Income $14,520
Total Attendance: 2880 (96.00%)
Total Ticket Income: $81,440
Other Income: $4,072
Total Income: $85,512
Sound Tigers
5 vs 5 Forward
Center Left Wing Right Wing Time % Phy DF OF
1 Ryan Hartman Alex Tuch Borna Rendulic 40 1 2 2
2 Joe Labate James Sheppard Scott Glennie 30 1 2 2
3 Ryan Bourque Garret Ross Josh Archibald 20 1 2 2
4 Pavel Kraskovsky Ben Thomson Ryan Hartman 10 1 2 2
5 vs 5 Defense
Defense Defense Time % Phy DF OF
1 Connor Murphy Dylan McIlrath 40 1 2 2
2 Julian Melchiori Slater Koekkoek 30 1 2 2
3 Gabriel Carlsson Alexander Yelesin 20 1 2 2
4 Connor Murphy Dylan McIlrath 10 1 2 2
PowerPlay Forward
Center Left Wing Right Wing Time % Phy DF OF
1 Ryan Hartman Alex Tuch Borna Rendulic 60 1 2 2
2 Joe Labate James Sheppard Scott Glennie 40 1 2 2
PowerPlay Defense
Defense Defense Time % Phy DF OF
1 Connor Murphy Dylan McIlrath 60 1 2 2
2 Julian Melchiori Slater Koekkoek 40 1 2 2
Penalty Kill 4 Players Forward
Center Wing Time % Phy DF OF
1 Ryan Hartman Alex Tuch 60 1 2 2
2 James Sheppard Garret Ross 40 1 2 2
Penalty Kill 4 Players Defense
Defense Defense Time % Phy DF OF
1 Connor Murphy Dylan McIlrath 60 1 2 2
2 Julian Melchiori Slater Koekkoek 40 1 2 2
Penalty Kill - 3 Players Forward
Forward Time % Phy DF OF
1 Ryan Hartman 60 1 2 2
2 Alex Tuch 40 1 2 2
Penalty Kill - 3 Players Defense
Defense Defense Time % Phy DF OF
1 Connor Murphy Dylan McIlrath 60 1 2 2
2 Julian Melchiori Slater Koekkoek 40 1 2 2
4 vs 4 Forward
Center Wing Time % Phy DF OF
1 Ryan Hartman Alex Tuch 60 1 2 2
2 James Sheppard Garret Ross 40 1 2 2
4 vs 4 Defense
Defense Defense Time % Phy DF OF
1 Connor Murphy Dylan McIlrath 60 1 2 2
2 Julian Melchiori Slater Koekkoek 40 1 2 2
Last Minutes Offensive
Center Left Wing Right Wing Defense Defense
Ryan Hartman Alex Tuch Borna Rendulic Connor Murphy Dylan McIlrath
Last Minutes Defensive
Center Left Wing Right Wing Defense Defense
Ryan Hartman Alex Tuch Borna Rendulic Connor Murphy Dylan McIlrath
Goaltenders
Starting : Pavel Francouz
Backup : Sean Maguire
Extra Forwards
Normal : Rhett Gardner, Ben Thomson, Ryan Bourque - PP : Rhett Gardner, Ben Thomson - PK : Ryan Bourque
Extra Defensemen
Normal : Gabriel Carlsson, Alexander Yelesin, Julian Melchiori - PP : Gabriel Carlsson - PK : Alexander Yelesin, Julian Melchiori
Penalty Shots
Ryan Hartman, Alex Tuch, James Sheppard, Garret Ross, Borna Rendulic
Scratches
Ben Johnson (Healthy), Blake Speers (Healthy), Brad Ross (Healthy), David Broll (Healthy), James Livingstone (Healthy)
Tyrell Goulbourne (Healthy), Garret Pilon (Healthy), Brandon Gignac (Healthy), Casey Staum (Healthy), Chris Driedger (Healthy)
Marlies
5 vs 5 Forward
Center Left Wing Right Wing Time % Phy DF OF
1 Colton Sissons Nick Ritchie Linden Vey 40 1 2 2
2 Aleksi Saarela Johan Larsson JT Compher 30 1 2 2
3 Jakob Forsbacka-Karlsson Shane Prince Nicholas Baptiste 20 1 2 2
4 Zack MacEwen Tyler Benson Mathieu Olivier 10 1 2 2
5 vs 5 Defense
Defense Defense Time % Phy DF OF
1 Haydn Fleury Neal Pionk 40 1 2 2
2 Tim Erixon Brett Pesce 30 1 2 2
3 Jeff Corbett Dennis Gilbert 20 1 2 2
4 Haydn Fleury Neal Pionk 10 1 2 2
PowerPlay Forward
Center Left Wing Right Wing Time % Phy DF OF
1 Colton Sissons Nick Ritchie Linden Vey 60 1 2 2
2 Aleksi Saarela Johan Larsson JT Compher 40 1 2 2
PowerPlay Defense
Defense Defense Time % Phy DF OF
1 Haydn Fleury Tim Erixon 60 1 2 2
2 Neal Pionk Brett Pesce 40 1 2 2
Penalty Kill 4 Players Forward
Center Wing Time % Phy DF OF
1 Colton Sissons Nick Ritchie 60 1 2 2
2 Aleksi Saarela Johan Larsson 40 1 2 2
Penalty Kill 4 Players Defense
Defense Defense Time % Phy DF OF
1 Haydn Fleury Tim Erixon 60 1 2 2
2 Neal Pionk Brett Pesce 40 1 2 2
Penalty Kill - 3 Players Forward
Forward Time % Phy DF OF
1 Colton Sissons 60 1 2 2
2 Aleksi Saarela 40 1 2 2
Penalty Kill - 3 Players Defense
Defense Defense Time % Phy DF OF
1 Haydn Fleury Tim Erixon 60 1 2 2
2 Neal Pionk Brett Pesce 40 1 2 2
4 vs 4 Forward
Center Wing Time % Phy DF OF
1 Colton Sissons Nick Ritchie 60 1 2 2
2 Aleksi Saarela Johan Larsson 40 1 2 2
4 vs 4 Defense
Defense Defense Time % Phy DF OF
1 Haydn Fleury Tim Erixon 60 1 2 2
2 Neal Pionk Brett Pesce 40 1 2 2
Last Minutes Offensive
Center Left Wing Right Wing Defense Defense
Colton Sissons Nick Ritchie Linden Vey Haydn Fleury Tim Erixon
Last Minutes Defensive
Center Left Wing Right Wing Defense Defense
Colton Sissons Nick Ritchie Linden Vey Haydn Fleury Tim Erixon
Goaltenders
Starting : Charlie Lindgren
Backup : Malcolm Subban
Extra Forwards
Normal : Nicholas Baptiste, Johan Larsson, Shane Prince - PP : Nicholas Baptiste, Johan Larsson - PK : Nicholas Baptiste
Extra Defensemen
Normal : Brett Pesce, Jeff Corbett, Dennis Gilbert - PP : Brett Pesce - PK : Brett Pesce, Jeff Corbett
Penalty Shots
Linden Vey, Nick Ritchie, JT Compher, Colton Sissons, Nicholas Baptiste
Scratches
Brycen Martin (Healthy), Henri Ikonen (Healthy), Jaden Lindo (Healthy), Pavel Zacha (Strained Right Elbow Injury), Radovan Bondra (Healthy)
Simon Bourque (Healthy), Tobias Lindberg (Healthy), Logan Brown (Abdominal Strain Injury), Lucas Carlsson (Healthy), Otto Koivula (Healthy)
Jamie Phillips (Healthy)
% Time on Ice - Sound Tigers
Lines # - Real PCT - Wanted PCT - Time Play
Normal Forward
1 - 35% - 40% - 16:37
2 - 29% - 30% - 13:58
3 - 24% - 20% - 11:34
4 - 12% - 10% - 5:31
Normal Defense
1 - 38% - 40% - 18:03
2 - 30% - 30% - 14:09
3 - 29% - 20% - 13:50
4 - 3% - 10% - 1:38
PP Forward
1 - 53% - 60% - 2:13
2 - 47% - 40% - 1:57
PP Defense
1 - 58% - 60% - 2:24
2 - 42% - 40% - 1:46
PK Forward
1 - 69% - 60% - 5:40
2 - 31% - 40% - 2:30
PK Defense
1 - 66% - 60% - 5:22
2 - 34% - 40% - 2:48
PK3 Forward
1 - 0% - 60%
2 - 0% - 40%
PK3 Defense
1 - 0% - 60%
2 - 0% - 40%
44 Forward
1 - 0% - 60%
2 - 0% - 40%
44 Defense
1 - 0% - 60%
2 - 0% - 40%
Last Minute Offensive - 0:00
Last Minute Defensive - 0:00
Total
Forward - 60:00
Defense - 60:00
|
% Time on Ice - Marlies
Lines # - Real PCT - Wanted PCT - Time Play
Normal Forward
1 - 36% - 40% - 17:17
2 - 27% - 30% - 13:05
3 - 22% - 20% - 10:19
4 - 15% - 10% - 6:59
Normal Defense
1 - 41% - 40% - 19:34
2 - 32% - 30% - 15:14
3 - 22% - 20% - 10:34
4 - 5% - 10% - 2:18
PP Forward
1 - 57% - 60% - 4:37
2 - 43% - 40% - 3:33
PP Defense
1 - 57% - 60% - 4:39
2 - 43% - 40% - 3:31
PK Forward
1 - 97% - 60% - 4:03
2 - 3% - 40% - 0:07
PK Defense
1 - 66% - 60% - 2:46
2 - 34% - 40% - 1:24
PK3 Forward
1 - 0% - 60%
2 - 0% - 40%
PK3 Defense
1 - 0% - 60%
2 - 0% - 40%
44 Forward
1 - 0% - 60%
2 - 0% - 40%
44 Defense
1 - 0% - 60%
2 - 0% - 40%
Last Minute Offensive - 0:00
Last Minute Defensive - 0:00
Total
Forward - 60:00
Defense - 60:00
|
Play-by-Play
1st period
0:01 of 1st period - Colton Sissons wins face-off versus Ryan Hartman in neutral zone.
0:57 of 1st period - Off-side.
0:58 of 1st period - Zack MacEwen wins face-off versus Pavel Kraskovsky in neutral zone.
1:35 of 1st period - Snap shot by Dennis Gilbert.
1:35 of 1st period - Stopped by Pavel Francouz without a rebound.
1:36 of 1st period - JT Compher wins face-off versus Ryan Hartman in Sound Tigers zone.
1:55 of 1st period - Johan Larsson is hit by Alex Tuch and loses puck.
2:34 of 1st period - Snap shot by Shane Prince.
2:34 of 1st period - Deflect By Nicholas Baptiste.
2:34 of 1st period - Shot Misses the Net.
2:34 of 1st period - Puck is out of play.
2:35 of 1st period - Ryan Hartman wins face-off versus Jakob Forsbacka-Karlsson in Sound Tigers zone.
2:56 of 1st period - Minor Penalty to Connor Murphy for Holding.
2:57 of 1st period - Colton Sissons wins face-off versus Ryan Hartman in Sound Tigers zone.
3:32 of 1st period - Wrist shot by JT Compher.
3:32 of 1st period - Stopped by Pavel Francouz with a rebound.
3:34 of 1st period - Wrist shot by Aleksi Saarela.
3:34 of 1st period - Shot Misses the Net.
4:12 of 1st period - Johan Larsson is hit by James Sheppard and loses puck.
4:56 of 1st period - Penalty to Connor Murphy is over, Connor Murphy is back on ice.
5:27 of 1st period - Zack MacEwen is hit by Julian Melchiori and loses puck.
5:34 of 1st period - Snap shot by Joe Labate.
5:34 of 1st period - Stopped by Charlie Lindgren with a rebound.
5:50 of 1st period - Connor Murphy is hit by Nicholas Baptiste and loses puck.
6:36 of 1st period - Gabriel Carlsson is hit by Shane Prince.
7:27 of 1st period - Slapshot by Mathieu Olivier.
7:27 of 1st period - Goal by Mathieu Olivier - Sound Tigers : 0 - Marlies : 1.
7:28 of 1st period - Colton Sissons wins face-off versus Ryan Hartman in neutral zone.
8:11 of 1st period - Slater Koekkoek is hit by Haydn Fleury and loses puck.
8:22 of 1st period - Wrist shot by Garret Ross.
8:22 of 1st period - Stopped by Charlie Lindgren with a rebound.
8:24 of 1st period - Snap shot by Julian Melchiori.
8:24 of 1st period - Shot Misses the Net.
8:26 of 1st period - Snap shot by Garret Ross.
8:26 of 1st period - Shot Misses the Net.
8:28 of 1st period - Wrist shot by Julian Melchiori.
8:28 of 1st period - Deflect By Brett Pesce.
8:28 of 1st period - Stopped by Charlie Lindgren without a rebound.
8:29 of 1st period - Ryan Hartman wins face-off versus Colton Sissons in Marlies zone.
8:36 of 1st period - Wrist shot by Ryan Hartman.
8:36 of 1st period - Shot Misses the Net.
9:06 of 1st period - Wrist shot by Nicholas Baptiste.
9:06 of 1st period - Deflect By Ryan Hartman.
9:06 of 1st period - Shot Misses the Net.
9:06 of 1st period - Puck is out of play.
9:07 of 1st period - Colton Sissons wins face-off versus Scott Glennie in Sound Tigers zone.
9:18 of 1st period - Snap shot by Joe Labate.
9:18 of 1st period - Shot Misses the Net.
9:20 of 1st period - Wrist shot by Joe Labate.
9:20 of 1st period - Goal by Joe Labate - Sound Tigers : 1 - Marlies : 1.
9:21 of 1st period - Colton Sissons wins face-off versus Ryan Hartman in neutral zone.
9:24 of 1st period - Slapshot by Colton Sissons.
9:24 of 1st period - Shot Misses the Net.
9:31 of 1st period - Minor Penalty to Ryan Hartman for Interference.
9:32 of 1st period - Ryan Bourque wins face-off versus Colton Sissons in Sound Tigers zone.
9:41 of 1st period - Slapshot by Alex Tuch.
9:41 of 1st period - Shot Blocked by Tim Erixon.
11:31 of 1st period - Penalty to Ryan Hartman is over, Ryan Hartman is back on ice.
11:38 of 1st period - Ben Thomson is hit by Mathieu Olivier and loses puck.
12:01 of 1st period - Icing by Gabriel Carlsson.
12:02 of 1st period - Zack MacEwen wins face-off versus Joe Labate in Sound Tigers zone.
13:08 of 1st period - Wrist shot by JT Compher.
13:08 of 1st period - Stopped by Pavel Francouz with a rebound.
13:16 of 1st period - Slapshot by Connor Murphy.
13:16 of 1st period - Stopped by Charlie Lindgren without a rebound.
13:17 of 1st period - Jakob Forsbacka-Karlsson wins face-off versus Ryan Bourque in Marlies zone.
13:24 of 1st period - Wrist shot by Ryan Bourque.
13:24 of 1st period - Stopped by Charlie Lindgren without a rebound.
13:25 of 1st period - Colton Sissons wins face-off versus Ryan Bourque in Marlies zone.
13:25 of 1st period - Colton Sissons is hit by Dylan McIlrath.
13:31 of 1st period - Wrist shot by Garret Ross.
13:31 of 1st period - Shot Misses the Net.
13:33 of 1st period - Wrist shot by Garret Ross.
13:33 of 1st period - Stopped by Charlie Lindgren with a rebound.
13:35 of 1st period - Slapshot by Connor Murphy.
13:35 of 1st period - Shot Misses the Net.
13:37 of 1st period - Slapshot by Dylan McIlrath.
13:37 of 1st period - Shot Blocked by Nick Ritchie.
13:39 of 1st period - Snap shot by Dylan McIlrath.
13:39 of 1st period - Shot Misses the Net.
13:41 of 1st period - Wrist shot by Garret Ross.
13:41 of 1st period - Shot Blocked by Linden Vey.
13:43 of 1st period - Slapshot by Connor Murphy.
13:43 of 1st period - Deflect By Garret Ross.
13:43 of 1st period - Shot Misses the Net.
13:43 of 1st period - Puck is out of play.
13:44 of 1st period - Ryan Hartman wins face-off versus Aleksi Saarela in Marlies zone.
14:09 of 1st period - Tim Erixon is hit by Joe Labate and loses puck.
14:34 of 1st period - Wrist shot by Mathieu Olivier.
14:34 of 1st period - Stopped by Pavel Francouz without a rebound.
14:34 of 1st period - Minor Penalty to Pavel Francouz for Delaying the game.
14:35 of 1st period - Linden Vey wins face-off versus Alex Tuch in Sound Tigers zone.
14:44 of 1st period - Snap shot by Nick Ritchie.
14:44 of 1st period - Shot Misses the Net.
14:46 of 1st period - Snap shot by Tim Erixon.
14:46 of 1st period - Stopped by Pavel Francouz without a rebound.
14:47 of 1st period - Colton Sissons wins face-off versus Ryan Hartman in Sound Tigers zone.
16:34 of 1st period - Penalty to Josh Archibald is over, Josh Archibald is back on ice.
16:34 of 1st period - Colton Sissons is hit by Ben Thomson and loses puck.
16:41 of 1st period - Slater Koekkoek is hit by Colton Sissons and loses puck.
16:54 of 1st period - Wrist shot by James Sheppard.
16:54 of 1st period - Shot Misses the Net.
17:20 of 1st period - Slapshot by Neal Pionk.
17:20 of 1st period - Stopped by Pavel Francouz with a rebound.
17:57 of 1st period - Wrist shot by Shane Prince.
17:57 of 1st period - Stopped by Pavel Francouz with a rebound.
18:07 of 1st period - Tyler Benson is hit by Ryan Hartman and loses puck.
18:31 of 1st period - Haydn Fleury is hit by Gabriel Carlsson and loses puck.
18:52 of 1st period - Ben Thomson is hit by Jakob Forsbacka-Karlsson and loses puck.
19:05 of 1st period - Nick Ritchie is hit by Alexander Yelesin and loses puck.
19:13 of 1st period - Off-side.
19:14 of 1st period - Colton Sissons wins face-off versus Joe Labate in neutral zone.
19:25 of 1st period - Wrist shot by Joe Labate.
19:25 of 1st period - Shot Misses the Net.
19:27 of 1st period - Slapshot by Scott Glennie.
19:27 of 1st period - Shot Misses the Net.
19:45 of 1st period - Wrist shot by Nicholas Baptiste.
19:45 of 1st period - Stopped by Pavel Francouz with a rebound.
19:47 of 1st period - Snap shot by Nicholas Baptiste.
19:47 of 1st period - Shot Misses the Net.
19:59 of 1st period - Icing by Garret Ross.
Goals for this period are 1 for Sound Tigers vs 1 for Marlies.
Shots for this period are 7 for Sound Tigers vs 9 for Marlies.
2nd period
0:01 of 2nd period - Colton Sissons wins face-off versus Ryan Hartman in neutral zone.
0:06 of 2nd period - Slapshot by Neal Pionk.
0:06 of 2nd period - Deflect By Linden Vey.
0:06 of 2nd period - Stopped by Pavel Francouz with a rebound.
0:08 of 2nd period - Wrist shot by Nick Ritchie.
0:08 of 2nd period - Shot Misses the Net.
0:10 of 2nd period - Snap shot by Linden Vey.
0:10 of 2nd period - Goal by Linden Vey - Sound Tigers : 1 - Marlies : 2.
0:11 of 2nd period - Colton Sissons wins face-off versus Ryan Hartman in neutral zone.
0:37 of 2nd period - Scott Glennie is hit by Johan Larsson and loses puck.
1:03 of 2nd period - Snap shot by Connor Murphy.
1:03 of 2nd period - Shot Misses the Net.
1:05 of 2nd period - Slapshot by Connor Murphy.
1:05 of 2nd period - Stopped by Charlie Lindgren with a rebound.
1:07 of 2nd period - Snap shot by Connor Murphy.
1:07 of 2nd period - Stopped by Charlie Lindgren without a rebound.
1:08 of 2nd period - Colton Sissons wins face-off versus Ryan Hartman in Marlies zone.
1:08 of 2nd period - Colton Sissons is hit by Julian Melchiori.
1:24 of 2nd period - Backhand shot by Alex Tuch.
1:24 of 2nd period - Shot Misses the Net.
1:34 of 2nd period - Aleksi Saarela is hit by Scott Glennie and loses puck.
1:59 of 2nd period - Wrist shot by Garret Ross.
1:59 of 2nd period - Shot Misses the Net.
2:32 of 2nd period - Off-side.
2:33 of 2nd period - Colton Sissons wins face-off versus Joe Labate in neutral zone.
2:42 of 2nd period - Wrist shot by Linden Vey.
2:42 of 2nd period - Shot Blocked by Dylan McIlrath.
3:09 of 2nd period - Wrist shot by Neal Pionk.
3:09 of 2nd period - Shot Blocked by Gabriel Carlsson.
3:48 of 2nd period - Wrist shot by Nick Ritchie.
3:48 of 2nd period - Stopped by Pavel Francouz without a rebound.
3:49 of 2nd period - Alex Tuch wins face-off versus Aleksi Saarela in Sound Tigers zone.
3:52 of 2nd period - Snap shot by JT Compher.
3:52 of 2nd period - Shot Blocked by Dylan McIlrath.
4:00 of 2nd period - Slapshot by Connor Murphy.
4:00 of 2nd period - Deflect By Ryan Hartman.
4:00 of 2nd period - Shot Misses the Net.
4:00 of 2nd period - Puck is out of play.
4:01 of 2nd period - Colton Sissons wins face-off versus Ryan Hartman in Marlies zone.
4:01 of 2nd period - Colton Sissons is hit by Borna Rendulic.
4:39 of 2nd period - Backhand shot by Aleksi Saarela.
4:39 of 2nd period - Shot Misses the Net.
4:49 of 2nd period - Slapshot by Mathieu Olivier.
4:49 of 2nd period - Stopped by Pavel Francouz with a rebound.
4:51 of 2nd period - Snap shot by Tyler Benson.
4:51 of 2nd period - Deflect By Garret Ross.
4:51 of 2nd period - Goal by Tyler Benson - Sound Tigers : 1 - Marlies : 3.
4:52 of 2nd period - Colton Sissons wins face-off versus Ryan Hartman in neutral zone.
5:07 of 2nd period - Snap shot by Alex Tuch.
5:07 of 2nd period - Stopped by Charlie Lindgren with a rebound.
5:19 of 2nd period - Joe Labate is hit by Haydn Fleury and loses puck.
5:28 of 2nd period - Slapshot by Aleksi Saarela.
5:28 of 2nd period - Shot Blocked by Julian Melchiori.
5:30 of 2nd period - Slapshot by Brett Pesce.
5:30 of 2nd period - Stopped by Pavel Francouz without a rebound.
5:31 of 2nd period - Alex Tuch wins face-off versus Aleksi Saarela in Sound Tigers zone.
5:56 of 2nd period - Nick Ritchie is hit by Connor Murphy and loses puck.
6:05 of 2nd period - Wrist shot by Nick Ritchie.
6:05 of 2nd period - Shot Blocked by Dylan McIlrath.
6:20 of 2nd period - Snap shot by Nick Ritchie.
6:20 of 2nd period - Stopped by Pavel Francouz with a rebound.
7:26 of 2nd period - Ben Thomson is hit by Zack MacEwen and loses puck.
8:31 of 2nd period - Wrist shot by Ryan Bourque.
8:31 of 2nd period - Shot Blocked by JT Compher.
8:41 of 2nd period - Scott Glennie is hit by Colton Sissons and loses puck.
9:06 of 2nd period - Snap shot by Nicholas Baptiste.
9:06 of 2nd period - Shot Misses the Net.
9:34 of 2nd period - Minor Penalty to Zack MacEwen for Cross-checking.
9:35 of 2nd period - Colton Sissons wins face-off versus Joe Labate in Marlies zone.
9:44 of 2nd period - Nick Ritchie is hit by Joe Labate and loses puck.
10:55 of 2nd period - Neal Pionk is hit by Dylan McIlrath and loses puck.
11:34 of 2nd period - Penalty to Zack MacEwen is over, Zack MacEwen is back on ice.
12:24 of 2nd period - Josh Archibald is hit by Johan Larsson and loses puck.
12:45 of 2nd period - Icing by Nick Ritchie.
12:46 of 2nd period - Joe Labate wins face-off versus Colton Sissons in Marlies zone.
13:32 of 2nd period - Neal Pionk is hit by Joe Labate and loses puck.
14:15 of 2nd period - Icing by Dylan McIlrath.
14:16 of 2nd period - Linden Vey wins face-off versus Joe Labate in Sound Tigers zone.
14:23 of 2nd period - Snap shot by Colton Sissons.
14:23 of 2nd period - Stopped by Pavel Francouz with a rebound.
14:45 of 2nd period - Snap shot by Borna Rendulic.
14:45 of 2nd period - Shot Blocked by Brett Pesce.
14:51 of 2nd period - Minor Penalty to Brett Pesce for Slashing.
14:52 of 2nd period - Ryan Hartman wins face-off versus Colton Sissons in Marlies zone.
15:03 of 2nd period - Wrist shot by Borna Rendulic.
15:03 of 2nd period - Goal by Borna Rendulic - Sound Tigers : 2 - Marlies : 3.
15:04 of 2nd period - Ryan Hartman wins face-off versus Colton Sissons in neutral zone.
15:13 of 2nd period - Snap shot by Connor Murphy.
15:13 of 2nd period - Stopped by Charlie Lindgren with a rebound.
15:15 of 2nd period - Slapshot by Dylan McIlrath.
15:15 of 2nd period - Shot Misses the Net.
15:17 of 2nd period - Slapshot by Connor Murphy.
15:17 of 2nd period - Shot Blocked by Haydn Fleury.
15:19 of 2nd period - Wrist shot by Ryan Hartman.
15:19 of 2nd period - Goal by Ryan Hartman - Sound Tigers : 3 - Marlies : 3.
15:20 of 2nd period - Colton Sissons wins face-off versus Ryan Hartman in neutral zone.
15:27 of 2nd period - Nick Ritchie is hit by Borna Rendulic.
15:45 of 2nd period - Linden Vey is hit by Dylan McIlrath and loses puck.
16:02 of 2nd period - Linden Vey is hit by Julian Melchiori and loses puck.
16:23 of 2nd period - Wrist shot by Aleksi Saarela.
16:23 of 2nd period - Shot Blocked by James Sheppard.
16:33 of 2nd period - Slapshot by Nicholas Baptiste.
16:33 of 2nd period - Goal by Nicholas Baptiste - Sound Tigers : 3 - Marlies : 4.
16:34 of 2nd period - Johan Larsson wins face-off versus Ryan Hartman in neutral zone.
16:43 of 2nd period - Wrist shot by Aleksi Saarela.
16:43 of 2nd period - Deflect By Johan Larsson.
16:43 of 2nd period - Stopped by Pavel Francouz without a rebound.
16:44 of 2nd period - Aleksi Saarela wins face-off versus Ryan Hartman in Sound Tigers zone.
16:49 of 2nd period - Snap shot by Aleksi Saarela.
16:49 of 2nd period - Stopped by Pavel Francouz with a rebound.
16:51 of 2nd period - Snap shot by Aleksi Saarela.
16:51 of 2nd period - Goal by Aleksi Saarela - Sound Tigers : 3 - Marlies : 5.
16:51 of 2nd period - Sean Maguire enters game.
16:52 of 2nd period - Colton Sissons wins face-off versus Ryan Hartman in neutral zone.
16:57 of 2nd period - Snap shot by Nick Ritchie.
16:57 of 2nd period - Shot Blocked by Alex Tuch.
16:59 of 2nd period - Wrist shot by Colton Sissons.
16:59 of 2nd period - Stopped by Sean Maguire without a rebound.
17:00 of 2nd period - Colton Sissons wins face-off versus Ryan Hartman in Sound Tigers zone.
17:07 of 2nd period - Slapshot by Nick Ritchie.
17:07 of 2nd period - Goal by Nick Ritchie - Sound Tigers : 3 - Marlies : 6.
17:08 of 2nd period - Colton Sissons wins face-off versus Ryan Hartman in neutral zone.
17:11 of 2nd period - Slapshot by Neal Pionk.
17:11 of 2nd period - Stopped by Sean Maguire without a rebound.
17:12 of 2nd period - Ryan Hartman wins face-off versus Colton Sissons in Sound Tigers zone.
17:14 of 2nd period - Minor Penalty to Ryan Hartman for Interference.
17:15 of 2nd period - Colton Sissons wins face-off versus Ryan Bourque in Sound Tigers zone.
17:28 of 2nd period - Slapshot by Colton Sissons.
17:28 of 2nd period - Goal by Colton Sissons - Sound Tigers : 3 - Marlies : 7.
17:29 of 2nd period - Colton Sissons wins face-off versus Ryan Hartman in neutral zone.
18:22 of 2nd period - Off-side.
18:23 of 2nd period - Linden Vey wins face-off versus Joe Labate in neutral zone.
18:48 of 2nd period - Slater Koekkoek is hit by Aleksi Saarela and loses puck.
Goals for this period are 2 for Sound Tigers vs 6 for Marlies.
Shots for this period are 6 for Sound Tigers vs 16 for Marlies.
3rd period
0:01 of 3rd period - Ryan Hartman wins face-off versus Colton Sissons in neutral zone.
0:16 of 3rd period - Slapshot by Dylan McIlrath.
0:16 of 3rd period - Shot Misses the Net.
1:09 of 3rd period - Icing by Brett Pesce.
1:10 of 3rd period - Pavel Kraskovsky wins face-off versus Jakob Forsbacka-Karlsson in Marlies zone.
1:17 of 3rd period - Wrist shot by Ryan Hartman.
1:17 of 3rd period - Stopped by Charlie Lindgren with a rebound.
1:19 of 3rd period - Snap shot by Borna Rendulic.
1:19 of 3rd period - Deflect By Tim Erixon.
1:19 of 3rd period - Stopped by Charlie Lindgren with a rebound.
1:21 of 3rd period - Wrist shot by Alex Tuch.
1:21 of 3rd period - Shot Misses the Net.
1:23 of 3rd period - Wrist shot by Borna Rendulic.
1:23 of 3rd period - Shot Blocked by Nicholas Baptiste.
1:25 of 3rd period - Wrist shot by Ryan Hartman.
1:25 of 3rd period - Stopped by Charlie Lindgren with a rebound.
1:45 of 3rd period - Wrist shot by Nick Ritchie.
1:45 of 3rd period - Stopped by Sean Maguire with a rebound.
1:47 of 3rd period - Slapshot by Brett Pesce.
1:47 of 3rd period - Deflect By Nick Ritchie.
1:47 of 3rd period - Shot Misses the Net.
1:47 of 3rd period - Puck is out of play.
1:48 of 3rd period - Ryan Hartman wins face-off versus Aleksi Saarela in Sound Tigers zone.
1:48 of 3rd period - Ryan Hartman is hit by Aleksi Saarela.
1:54 of 3rd period - Wrist shot by Ryan Hartman.
1:54 of 3rd period - Deflect By Alex Tuch.
1:54 of 3rd period - Shot Misses the Net.
1:54 of 3rd period - Puck is out of play.
1:55 of 3rd period - Ryan Hartman wins face-off versus Aleksi Saarela in Marlies zone.
2:10 of 3rd period - Snap shot by JT Compher.
2:10 of 3rd period - Stopped by Sean Maguire with a rebound.
2:30 of 3rd period - Wrist shot by Johan Larsson.
2:30 of 3rd period - Deflect By JT Compher.
2:30 of 3rd period - Stopped by Sean Maguire without a rebound.
2:31 of 3rd period - Colton Sissons wins face-off versus Joe Labate in Sound Tigers zone.
2:32 of 3rd period - Snap shot by Linden Vey.
2:32 of 3rd period - Stopped by Sean Maguire with a rebound.
2:34 of 3rd period - Slapshot by Tim Erixon.
2:34 of 3rd period - Shot Misses the Net.
2:36 of 3rd period - Wrist shot by Nick Ritchie.
2:36 of 3rd period - Stopped by Sean Maguire without a rebound.
2:37 of 3rd period - Joe Labate wins face-off versus Colton Sissons in Sound Tigers zone.
2:48 of 3rd period - Snap shot by Colton Sissons.
2:48 of 3rd period - Stopped by Sean Maguire with a rebound.
3:02 of 3rd period - Scott Glennie is hit by Jakob Forsbacka-Karlsson and loses puck.
3:15 of 3rd period - Backhand shot by Shane Prince.
3:15 of 3rd period - Shot Blocked by Dylan McIlrath.
3:30 of 3rd period - Slapshot by Ryan Hartman.
3:30 of 3rd period - Shot Misses the Net.
3:32 of 3rd period - Slapshot by Dylan McIlrath.
3:32 of 3rd period - Stopped by Charlie Lindgren without a rebound.
3:33 of 3rd period - Linden Vey wins face-off versus Ryan Hartman in Marlies zone.
3:38 of 3rd period - Alex Tuch is hit by Nick Ritchie and loses puck.
3:43 of 3rd period - Slapshot by Linden Vey.
3:43 of 3rd period - Shot Misses the Net.
3:45 of 3rd period - Snap shot by Colton Sissons.
3:45 of 3rd period - Shot Misses the Net.
3:47 of 3rd period - Wrist shot by Colton Sissons.
3:47 of 3rd period - Stopped by Sean Maguire with a rebound.
3:58 of 3rd period - Icing by Garret Ross.
3:59 of 3rd period - Ryan Bourque wins face-off versus Aleksi Saarela in Sound Tigers zone.
4:08 of 3rd period - Wrist shot by Johan Larsson.
4:08 of 3rd period - Goal by Johan Larsson - Sound Tigers : 3 - Marlies : 8.
4:09 of 3rd period - Colton Sissons wins face-off versus Alex Tuch in neutral zone.
4:16 of 3rd period - Backhand shot by Ryan Hartman.
4:16 of 3rd period - Deflect By Neal Pionk.
4:16 of 3rd period - Shot Misses the Net.
4:16 of 3rd period - Puck is out of play.
4:17 of 3rd period - Ryan Hartman wins face-off versus Colton Sissons in Marlies zone.
4:50 of 3rd period - Wrist shot by Joe Labate.
4:50 of 3rd period - Stopped by Charlie Lindgren without a rebound.
4:51 of 3rd period - Colton Sissons wins face-off versus Ryan Hartman in Marlies zone.
4:51 of 3rd period - Colton Sissons is hit by Slater Koekkoek.
5:38 of 3rd period - Joe Labate is hit by Mathieu Olivier and loses puck.
5:45 of 3rd period - Wrist shot by Joe Labate.
5:45 of 3rd period - Shot Misses the Net.
5:47 of 3rd period - Snap shot by Joe Labate.
5:47 of 3rd period - Stopped by Charlie Lindgren without a rebound.
5:48 of 3rd period - Linden Vey wins face-off versus Ryan Hartman in Marlies zone.
5:48 of 3rd period - Linden Vey is hit by Alex Tuch.
6:25 of 3rd period - Minor Penalty to Dylan McIlrath for Slashing.
6:26 of 3rd period - Colton Sissons wins face-off versus Ryan Hartman in Sound Tigers zone.
6:58 of 3rd period - Slapshot by Brett Pesce.
6:58 of 3rd period - Shot Blocked by Connor Murphy.
8:25 of 3rd period - Penalty to Dylan McIlrath is over, Dylan McIlrath is back on ice.
8:37 of 3rd period - Wrist shot by Shane Prince.
8:37 of 3rd period - Deflect By Nicholas Baptiste.
8:37 of 3rd period - Shot Blocked by Gabriel Carlsson.
8:37 of 3rd period - Puck is out of play.
8:38 of 3rd period - Joe Labate wins face-off versus Zack MacEwen in Sound Tigers zone.
8:47 of 3rd period - Wrist shot by Scott Glennie.
8:47 of 3rd period - Stopped by Charlie Lindgren without a rebound.
8:48 of 3rd period - James Sheppard wins face-off versus Zack MacEwen in Marlies zone.
8:57 of 3rd period - Snap shot by Joe Labate.
8:57 of 3rd period - Stopped by Charlie Lindgren without a rebound.
8:58 of 3rd period - Nick Ritchie wins face-off versus Ryan Hartman in Marlies zone.
10:26 of 3rd period - Wrist shot by Tyler Benson.
10:26 of 3rd period - Stopped by Sean Maguire with a rebound.
10:32 of 3rd period - Wrist shot by Linden Vey.
10:32 of 3rd period - Deflect By Colton Sissons.
10:32 of 3rd period - Shot Misses the Net.
10:32 of 3rd period - Puck is out of play.
10:33 of 3rd period - Colton Sissons wins face-off versus Joe Labate in Sound Tigers zone.
10:46 of 3rd period - Slapshot by Colton Sissons.
10:46 of 3rd period - Shot Blocked by James Sheppard.
11:00 of 3rd period - Icing by Josh Archibald.
11:01 of 3rd period - Aleksi Saarela wins face-off versus Ryan Bourque in Sound Tigers zone.
11:04 of 3rd period - Wrist shot by Johan Larsson.
11:04 of 3rd period - Stopped by Sean Maguire with a rebound.
11:33 of 3rd period - Alexander Yelesin is hit by JT Compher and loses puck.
12:09 of 3rd period - Snap shot by Aleksi Saarela.
12:09 of 3rd period - Goal by Aleksi Saarela - Sound Tigers : 3 - Marlies : 9.
12:10 of 3rd period - Colton Sissons wins face-off versus Ryan Hartman in neutral zone.
12:21 of 3rd period - Icing by Alex Tuch.
12:22 of 3rd period - Linden Vey wins face-off versus Ryan Hartman in Sound Tigers zone.
12:54 of 3rd period - Wrist shot by Ryan Hartman.
12:54 of 3rd period - Shot Misses the Net.
12:56 of 3rd period - Slapshot by Dylan McIlrath.
12:56 of 3rd period - Shot Blocked by Neal Pionk.
12:58 of 3rd period - Snap shot by Ryan Hartman.
12:58 of 3rd period - Stopped by Charlie Lindgren without a rebound.
12:59 of 3rd period - Joe Labate wins face-off versus Aleksi Saarela in Marlies zone.
13:08 of 3rd period - Wrist shot by Joe Labate.
13:08 of 3rd period - Stopped by Charlie Lindgren with a rebound.
13:24 of 3rd period - Colton Sissons is hit by Ryan Bourque.
13:28 of 3rd period - Brett Pesce is hit by Julian Melchiori and loses puck.
13:55 of 3rd period - Slapshot by Tim Erixon.
13:55 of 3rd period - Shot Blocked by James Sheppard.
14:55 of 3rd period - Snap shot by Linden Vey.
14:55 of 3rd period - Shot Misses the Net.
15:14 of 3rd period - Icing by Alexander Yelesin.
15:15 of 3rd period - Pavel Kraskovsky wins face-off versus Jakob Forsbacka-Karlsson in Sound Tigers zone.
15:15 of 3rd period - Pavel Kraskovsky is hit by Jakob Forsbacka-Karlsson.
15:39 of 3rd period - Wrist shot by Nicholas Baptiste.
15:39 of 3rd period - Stopped by Sean Maguire with a rebound.
15:41 of 3rd period - Snap shot by Nicholas Baptiste.
15:41 of 3rd period - Stopped by Sean Maguire without a rebound.
15:42 of 3rd period - Colton Sissons wins face-off versus Ryan Bourque in Sound Tigers zone.
15:43 of 3rd period - Backhand shot by Nick Ritchie.
15:43 of 3rd period - Stopped by Sean Maguire with a rebound.
15:48 of 3rd period - Minor Penalty to Colton Sissons for Tripping.
15:49 of 3rd period - Ryan Hartman wins face-off versus Nicholas Baptiste in Marlies zone.
16:15 of 3rd period - Joe Labate is hit by Nick Ritchie and loses puck.
17:48 of 3rd period - Penalty to Colton Sissons is over, Colton Sissons is back on ice.
17:55 of 3rd period - Slapshot by Connor Murphy.
17:55 of 3rd period - Stopped by Charlie Lindgren with a rebound.
18:01 of 3rd period - Slapshot by Garret Ross.
18:01 of 3rd period - Shot Misses the Net.
18:35 of 3rd period - Julian Melchiori is hit by Tim Erixon and loses puck.
18:46 of 3rd period - Julian Melchiori is hit by Nicholas Baptiste and loses puck.
19:03 of 3rd period - Julian Melchiori is hit by Linden Vey and loses puck.
19:18 of 3rd period - Slapshot by Julian Melchiori.
19:18 of 3rd period - Shot Blocked by Haydn Fleury.
19:46 of 3rd period - Mathieu Olivier is hit by Alex Tuch and loses puck.
Goals for this period are 0 for Sound Tigers vs 2 for Marlies.
Shots for this period are 11 for Sound Tigers vs 14 for Marlies.